PCL
MEXICO CITY CERVECEROS @ GRESHAM GOLD SOULS
04/05/2027
 
TOP OF THE 1ST
Mexico City Cerveceros batting - Pitching for Gresham Gold Souls : LHP Francisco Nieto
Pitching: LHP Francisco Nieto
Batting: RHB Murai Ishihara 0-0: Ground out 4-3 (Groundball, 4)
Batting: RHB Roberto Zamora 0-0: Called Strike
0-1: Swinging Strike
0-2: Ball
1-2: Ball
2-2: Foul Ball, location: 2F
2-2: Ball
3-2: SINGLE (Line Drive, 78S)
Batting: RHB Arnold Harmon 0-0: Called Strike
0-1: Ball
1-1: Called Strike
1-2: Ball
2-2: Strikes out looking
Batting: RHB Hamilton Holbrook 0-0: Ball
1-0: Foul Ball, location: 2F
1-1: Ball
2-1: Swinging Strike
2-2: Foul Ball, location: 2F
2-2: Foul Ball, location: 2F
2-2: Foul Ball, location: 2F
2-2: Foul Ball, location: 2F
2-2: Strikes out swinging
Top of the 1st over - 0 run(s), 1 hit(s), 0 error(s), 1 left on base; Mexico City 0 - Gresham 0
BOTTOM OF THE 1ST
Gresham Gold Souls batting - Pitching for Mexico City Cerveceros : RHP Roberto Matoza
Pitching: RHP Roberto Matoza
Batting: LHB Bill Smith 0-0: Ball
1-0: Ball
2-0: Fly out, F9 (Flyball, 9)
Batting: RHB Mario Méndez 0-0: Called Strike
0-1: Ball
1-1: Called Strike
1-2: Strikes out looking
Batting: LHB Jeff McKinney 0-0: Ground out 4-3 (Groundball, 4)
Bottom of the 1st over - 0 run(s), 0 hit(s), 0 error(s), 0 left on base; Mexico City 0 - Gresham 0
TOP OF THE 2ND
Mexico City Cerveceros batting - Pitching for Gresham Gold Souls : LHP Francisco Nieto
Batting: RHB Dennis Stephenson 0-0: Foul Ball, location: 2F
0-1: Swinging Strike
0-2: Ball
1-2: Strikes out swinging
Batting: RHB Dave Morgan 0-0: Ball
1-0: Foul Ball, location: 2F
1-1: Swinging Strike
1-2: SINGLE (Groundball, 6MD)
Batting: LHB Gary Kern 0-0: Swinging Strike
0-1: Ball
1-1: Reached on error, E1 (Groundball, 13)
Dave Morgan to second
Batting: LHB John Nicholson 0-0: Ball
1-0: Ball
2-0: Called Strike
2-1: Ball
3-1: Called Strike
3-2: Fly out, F6 (Line Drive, 6)
Batting: LHB Don Soper 0-0: Foul Ball, location: 2F
0-1: Fielders Choice at 2nd, U6 (Groundball, 6M)
Top of the 2nd over - 0 run(s), 1 hit(s), 1 error(s), 2 left on base; Mexico City 0 - Gresham 0
BOTTOM OF THE 2ND
Gresham Gold Souls batting - Pitching for Mexico City Cerveceros : RHP Roberto Matoza
Batting: RHB Lorenzo Morín 0-0: Ball
1-0: Ground out 6-3 (Groundball, 6)
Batting: LHB Millard Dye 0-0: Swinging Strike
0-1: Ball
1-1: Swinging Strike
1-2: Ground out 4-3 (Groundball, 34)
Batting: RHB Matt Davidson 0-0: Ball
1-0: Ground out 5-3 (Groundball, 56S)
Bottom of the 2nd over - 0 run(s), 0 hit(s), 0 error(s), 0 left on base; Mexico City 0 - Gresham 0
TOP OF THE 3RD
Mexico City Cerveceros batting - Pitching for Gresham Gold Souls : LHP Francisco Nieto
Batting: RHB Murai Ishihara 0-0: Called Strike
0-1: Called Strike
0-2: Ball
1-2: Ball
2-2: Ball
3-2: Strikes out looking
Batting: RHB Roberto Zamora 0-0: Foul Ball, location: 2F
0-1: Foul Ball, location: 2F
0-2: Ball
1-2: Foul Ball, location: 2F
1-2: Foul Ball, location: 2F
1-2: Ball
2-2: Foul Ball, location: 2F
2-2: Foul Ball, location: 2F
2-2: Foul Ball, location: 2F
2-2: Reached on error, E6 (Groundball, 6)
Batting: RHB Arnold Harmon 0-0: Ball
1-0: Called Strike
1-1: Ball
Roberto Zamora steals 2nd base
2-1: Foul Ball, location: 2F
2-2: Strikes out swinging
Batting: RHB Hamilton Holbrook 0-0: Ball
1-0: Ball
2-0: Ball
3-0: Base on Balls
Batting: RHB Dennis Stephenson 0-0: Ball
1-0: Swinging Strike
1-1: Called Strike
1-2: Ball
2-2: Fly out, F2 (Popup, 15S)
Top of the 3rd over - 0 run(s), 0 hit(s), 1 error(s), 2 left on base; Mexico City 0 - Gresham 0
BOTTOM OF THE 3RD
Gresham Gold Souls batting - Pitching for Mexico City Cerveceros : RHP Roberto Matoza
Batting: SHB Todd Smith 0-0: Called Strike
0-1: Ground out 1-6-3 (Groundball, 15S)
Batting: RHB Pablo Castillo 0-0: Ball
1-0: Foul Ball, location: 2F
1-1: Ball
2-1: Reached on error, E5 (Groundball, 5)
Batting: RHB Jim Edgar 0-0: Called Strike
0-1: Ball
1-1: Ball
2-1: Fielders Choice at 2nd, 6-4 (Groundball, 6)
Batting: LHB Bill Smith 0-0: Ball
1-0: Ball
2-0: Ball
3-0: Called Strike
3-1: Fly out, F9 (Line Drive, 9)
Bottom of the 3rd over - 0 run(s), 0 hit(s), 1 error(s), 1 left on base; Mexico City 0 - Gresham 0
TOP OF THE 4TH
Mexico City Cerveceros batting - Pitching for Gresham Gold Souls : LHP Francisco Nieto
Batting: RHB Dave Morgan 0-0: Called Strike
0-1: Swinging Strike
0-2: Ball
1-2: Ball
2-2: Strikes out swinging
Batting: LHB Gary Kern 0-0: Foul Ball, location: 2F
0-1: SINGLE (Groundball, 6MD)
Batting: LHB John Nicholson 0-0: Called Strike
0-1: Foul Ball, location: 2F
0-2: Ball
1-2: Ball
2-2: Grounds into double play, 4-6-3 (Groundball, 4)
Top of the 4th over - 0 run(s), 1 hit(s), 0 error(s), 0 left on base; Mexico City 0 - Gresham 0
BOTTOM OF THE 4TH
Gresham Gold Souls batting - Pitching for Mexico City Cerveceros : RHP Roberto Matoza
Batting: RHB Mario Méndez 0-0: Called Strike
0-1: Swinging Strike
0-2: Ball
1-2: Ball
2-2: SINGLE (Flyball, 4D)
Batting: LHB Jeff McKinney 0-0: Called Strike
0-1: Foul Ball, location: 2F
0-2: Ball
1-2: Strikes out swinging
Batting: RHB Lorenzo Morín 0-0: SINGLE (Line Drive, 3)
Mario Méndez to second
Batting: LHB Millard Dye 0-0: Swinging Strike
0-1: Ball
1-1: Foul Ball, location: 2F
1-2: Foul Ball, location: 2F
1-2: DOUBLE (Line Drive, 5D)
Mario Méndez scores
Lorenzo Morín to third
Batting: RHB Matt Davidson 0-0: Called Strike
0-1: Ball
Passed Ball!
Lorenzo Morín scores
Millard Dye to third
1-1: SINGLE (Groundball, 34D)
Millard Dye scores
Batting: SHB Todd Smith 0-0: Called Strike
0-1: Ball
1-1: Ball
2-1: Grounds into double play, 4-6-3 (Groundball, 34)
Bottom of the 4th over - 3 run(s), 4 hit(s), 0 error(s), 0 left on base; Mexico City 0 - Gresham 3
TOP OF THE 5TH
Mexico City Cerveceros batting - Pitching for Gresham Gold Souls : LHP Francisco Nieto
Batting: LHB Don Soper 0-0: Ball
1-0: Called Strike
1-1: Ground out 4-3 (Groundball, 4)
Batting: RHB Murai Ishihara 0-0: Ball
1-0: SINGLE (Line Drive, 6M)
Batting: RHB Roberto Zamora 0-0: SINGLE (Line Drive, 6M)
Murai Ishihara to second
Runner from 2nd tries for 3rd, SAFE, no throw
Batting: RHB Arnold Harmon 0-0: Ball
1-0: Fly out, F9 (Flyball, 9S)
Batting: RHB Hamilton Holbrook 0-0: Ball
1-0: Foul Ball, location: 2F
1-1: Ball
2-1: Ball
3-1: Base on Balls
Roberto Zamora to second
Batting: RHB Dennis Stephenson 0-0: Ball
1-0: Ball
2-0: Ball
3-0: Called Strike
3-1: Called Strike
3-2: Foul Ball, location: 2F
3-2: Fly out, F9 (Flyball, 9)
Top of the 5th over - 0 run(s), 2 hit(s), 0 error(s), 3 left on base; Mexico City 0 - Gresham 3
BOTTOM OF THE 5TH
Gresham Gold Souls batting - Pitching for Mexico City Cerveceros : RHP Roberto Matoza
Batting: RHB Pablo Castillo 0-0: Called Strike
0-1: Ball
1-1: Foul Ball, location: 2F
1-2: Strikes out swinging
Batting: RHB Jim Edgar 0-0: Swinging Strike
0-1: Ball
1-1: Called Strike
1-2: Ball
2-2: Foul Ball, location: 2F
2-2: Strikes out swinging
Batting: LHB Bill Smith 0-0: Called Strike
0-1: Ball
1-1: Ball
2-1: Ball
3-1: Foul Ball, location: 2F
3-2: Foul Ball, location: 2F
3-2: Strikes out swinging
Bottom of the 5th over - 0 run(s), 0 hit(s), 0 error(s), 0 left on base; Mexico City 0 - Gresham 3
TOP OF THE 6TH
Mexico City Cerveceros batting - Pitching for Gresham Gold Souls : LHP Francisco Nieto
Pitching: RHP Arturo Martínez
Batting: RHB Dave Morgan 0-0: Ball
1-0: Foul Ball, location: 2F
1-1: Ball
2-1: Ball
3-1: Called Strike
3-2: Strikes out swinging
Batting: LHB Gary Kern 0-0: Called Strike
0-1: Called Strike
0-2: Ball
1-2: Strikes out looking
Batting: LHB John Nicholson 0-0: Called Strike
0-1: Swinging Strike
0-2: Strikes out looking
Top of the 6th over - 0 run(s), 0 hit(s), 0 error(s), 0 left on base; Mexico City 0 - Gresham 3
BOTTOM OF THE 6TH
Gresham Gold Souls batting - Pitching for Mexico City Cerveceros : RHP Roberto Matoza
Batting: RHB Mario Méndez 0-0: Fly out, F7 (Line Drive, 7)
Batting: LHB Jeff McKinney 0-0: Foul Ball, location: 2F
0-1: Ball
1-1: Foul Ball, location: 2F
1-2: Fly out, F3 (Line Drive, 3)
Batting: RHB Lorenzo Morín 0-0: Ball
1-0: Called Strike
1-1: DOUBLE (Flyball, 7D)
Batting: LHB Millard Dye 0-0: Ball
1-0: Called Strike
1-1: Fly out, F3 (Line Drive, 34)
Bottom of the 6th over - 0 run(s), 1 hit(s), 0 error(s), 1 left on base; Mexico City 0 - Gresham 3
TOP OF THE 7TH
Mexico City Cerveceros batting - Pitching for Gresham Gold Souls : RHP Arturo Martínez
Batting: LHB Don Soper 0-0: Foul Ball, location: 2F
0-1: Ball
1-1: Called Strike
1-2: Ball
2-2: Ball
3-2: Foul Ball, location: 2F
3-2: Base on Balls
Batting: RHB Murai Ishihara 0-0: Hit by Pitch
Don Soper to second
Batting: RHB Roberto Zamora 0-0: SINGLE (Line Drive, 6D)
Don Soper to third
Murai Ishihara to second
Batting: RHB Arnold Harmon 0-0: Called Strike
0-1: Ground out 5-3 (Groundball, 56S)
Don Soper scores
Murai Ishihara to third
Roberto Zamora to second
Batting: RHB Hamilton Holbrook 0-0: Swinging Strike
0-1: Foul Ball, location: 2F
0-2: Foul Ball, location: 2F
0-2: Foul Ball, location: 2F
0-2: Strikes out swinging
Batting: RHB Dennis Stephenson 0-0: Ball
1-0: Called Strike
1-1: Foul Ball, location: 2F
1-2: Ball
2-2: Foul Ball, location: 2F
2-2: DOUBLE (Line Drive, 78D)
Murai Ishihara scores
Roberto Zamora scores
Pitching: RHP León Trevino
Batting: RHB Dave Morgan 0-0: Called Strike
0-1: Ball
1-1: Swinging Strike
1-2: Strikes out swinging
Top of the 7th over - 3 run(s), 2 hit(s), 0 error(s), 1 left on base; Mexico City 3 - Gresham 3
BOTTOM OF THE 7TH
Gresham Gold Souls batting - Pitching for Mexico City Cerveceros : RHP Roberto Matoza
Pitching: LHP Rubén Rico
Batting: RHB Matt Davidson 0-0: Ball
1-0: Fly out, F9 (Flyball, 9LS)
Pinch Hitting: RHB Peter Hensley 0-0: Ball
1-0: Swinging Strike
1-1: Ball
2-1: Foul Ball, location: 2F
2-2: Ball
3-2: Base on Balls
Batting: RHB Pablo Castillo 0-0: Foul Ball, location: 2F
0-1: Ball
1-1: Called Strike
1-2: Ball
2-2: Ball
3-2: Base on Balls
Peter Hensley to second
Batting: RHB Jim Edgar 0-0: Swinging Strike
0-1: Ball
1-1: Ball
2-1: Grounds into double play, 6-4-3 (Groundball, 6)
Bottom of the 7th over - 0 run(s), 0 hit(s), 0 error(s), 1 left on base; Mexico City 3 - Gresham 3
TOP OF THE 8TH
Mexico City Cerveceros batting - Pitching for Gresham Gold Souls : RHP León Trevino
Now in LF: Peter Hensley
Batting: LHB Gary Kern 0-0: Ball
1-0: Fly out, F3 (Line Drive, 3)
Batting: LHB John Nicholson 0-0: Ball
1-0: Called Strike
1-1: Called Strike
1-2: Ball
2-2: Ball
3-2: Foul Ball, location: 2F
3-2: Foul Ball, location: 2F
3-2: DOUBLE (Groundball, 3D)
Batting: LHB Don Soper 0-0: Called Strike
0-1: Ball
1-1: Ball
2-1: Swinging Strike
2-2: Strikes out swinging
Batting: RHB Murai Ishihara 0-0: SINGLE (Line Drive, 8RS)
John Nicholson to third
Batting: RHB Roberto Zamora 0-0: Ball
1-0: Foul Ball, location: 2F
1-1: Ball
2-1: Ball
3-1: Foul Ball, location: 2F
3-2: Base on Balls
Murai Ishihara to second
Batting: RHB Arnold Harmon 0-0: Foul Ball, location: 2F
0-1: Swinging Strike
0-2: Foul Ball, location: 2F
0-2: Ball
1-2: Strikes out swinging
Top of the 8th over - 0 run(s), 2 hit(s), 0 error(s), 3 left on base; Mexico City 3 - Gresham 3
BOTTOM OF THE 8TH
Gresham Gold Souls batting - Pitching for Mexico City Cerveceros : LHP Rubén Rico
Pinch Hitting: RHB Luke McIndoe 0-0: Ball
1-0: Fly out, F9 (Flyball, 89S)
Batting: RHB Mario Méndez 0-0: Fly out, F7 (Line Drive, 78S)
Pinch Hitting: RHB Anthony Wells 0-0: Called Strike
0-1: Ball
1-1: Called Strike
1-2: Ball
2-2: Strikes out swinging
Bottom of the 8th over - 0 run(s), 0 hit(s), 0 error(s), 0 left on base; Mexico City 3 - Gresham 3
TOP OF THE 9TH
Mexico City Cerveceros batting - Pitching for Gresham Gold Souls : RHP León Trevino
Pitching: RHP Jamal Clayton
Now in CF: Anthony Wells
Now in RF: Juan López
Batting: RHB Hamilton Holbrook 0-0: Called Strike
0-1: Swinging Strike
0-2: Strikes out looking
Batting: RHB Dennis Stephenson 0-0: SINGLE (Line Drive, 34D)
Batting: RHB Dave Morgan 0-0: Foul Ball, location: 2F
0-1: Foul Ball, location: 2F
0-2: Ball
1-2: Ball
2-2: Foul Ball, location: 2F
2-2: Foul Ball, location: 2F
2-2: DOUBLE (Line Drive, 9D)
Dennis Stephenson to third
Runner from 3rd tries for Home, SAFE, throw made home
Batting: LHB Gary Kern 0-0: Ball
1-0: Called Strike
1-1: Ball
2-1: Swinging Strike
2-2: Ground out 4-3 (Groundball, 4M)
Dave Morgan to third
Batting: LHB John Nicholson 0-0: Ball
1-0: Foul Ball, location: 2F
1-1: Ball
2-1: DOUBLE (Line Drive, 9D)
Dave Morgan scores
Pitching: RHP Robbie O'Neil
Batting: LHB Don Soper 0-0: Foul Ball, location: 2F
0-1: Fly out, F6 (Popup, 6D)
Top of the 9th over - 2 run(s), 3 hit(s), 0 error(s), 1 left on base; Mexico City 5 - Gresham 3
BOTTOM OF THE 9TH
Gresham Gold Souls batting - Pitching for Mexico City Cerveceros : LHP Rubén Rico
Pitching: RHP Gil Dickson
Batting: RHB Lorenzo Morín 0-0: Called Strike
0-1: Swinging Strike
0-2: Ball
1-2: Foul Ball, location: 2F
1-2: Foul Ball, location: 2F
1-2: Ball
2-2: Ball
3-2: Foul Ball, location: 2F
3-2: Fly out, F7 (Flyball, 7LMF)
Batting: LHB Millard Dye 0-0: Fly out, F8 (Flyball, 8RM)
Batting: RHB Matt Davidson 0-0: Ball
1-0: Called Strike
1-1: Swinging Strike
1-2: Ball
2-2: Ball
3-2: Foul Ball, location: 2F
3-2: Fly out, F5 (Popup, 56S)
Bottom of the 9th over - 0 run(s), 0 hit(s), 0 error(s), 0 left on base; Mexico City 5 - Gresham 3
Thursday, March 30th, 2017 - OOTP Baseball 17.12 Build 75